NYP
MAHONING VALLEY SCRAPPERS @ TRI-CITY VALLEYCATS
08/10/2048
 
TOP OF THE 1ST
Mahoning Valley Scrappers batting - Pitching for Tri-City ValleyCats : RHP Max Warburton
Pitching: RHP Max Warburton
Batting: RHB Ricky Cordova 0-0: Ball
1-0: Swinging Strike
1-1: Called Strike
1-2: SINGLE (Groundball, 6MS, EV 65.6 MPH) (infield hit)
Batting: RHB Leo Candelas 0-0: Called Strike
0-1: Foul Ball, location: 2F
0-2: Foul Ball, location: 2F
0-2: Ball
1-2: Ball
2-2: Ball
3-2: TRIPLE (Line Drive, 9LD, EV 103.1 MPH)
Ricky Cordova scores
Batting: LHB Dave Key 0-0: Fly out, F7 (Flyball, 78M, EV 93.8 MPH)
Runner from 3rd tags up, SCORES, throw by LF
Batting: RHB John Shaffer 0-0: Ball
1-0: Called Strike
1-1: SOLO HOME RUN (Flyball, 9D, EV 96.9 MPH), Distance : 372 ft
Batting: LHB Matt Steinke 0-0: Ball
1-0: Called Strike
1-1: Called Strike
1-2: Ball
2-2: Strikes out swinging
Batting: RHB Aaron Stout 0-0: Foul Ball, location: 2F
0-1: Foul Ball, location: 2F
0-2: Strikes out swinging
Top of the 1st over - 3 runs, 3 hits, 0 errors, 0 left on base; Mahoning Valley 3 - Tri-City 0
BOTTOM OF THE 1ST
Tri-City ValleyCats batting - Pitching for Mahoning Valley Scrappers : RHP Joe Babich
Pitching: RHP Joe Babich
Batting: LHB Josh Corkery 0-0: Called Strike
0-1: Ball
1-1: Swinging Strike
1-2: Ball
2-2: Ball
3-2: Ground out U3 (Groundball, 3L, EV 87.5 MPH)
Batting: LHB Jackson Trottier 0-0: Ball
1-0: Ball
2-0: Called Strike
2-1: Ball
3-1: Foul Ball, location: 2F
3-2: Foul Ball, location: 2F
3-2: Ground out 6-3 (Groundball, 6, EV 110.6 MPH)
Batting: RHB Dinand Brouwer 0-0: Swinging Strike
0-1: Ball
1-1: Foul Ball, location: 2F
1-2: Strikes out looking
Bottom of the 1st over - 0 runs, 0 hits, 0 errors, 0 left on base; Mahoning Valley 3 - Tri-City 0
TOP OF THE 2ND
Mahoning Valley Scrappers batting - Pitching for Tri-City ValleyCats : RHP Max Warburton
Batting: RHB Nick Gossman 0-0: Ground out U3 (Groundball, 3, EV 100.0 MPH)
Batting: RHB Jaquan Brown 0-0: Called Strike
0-1: Ball
1-1: Foul Ball, location: 2F
1-2: Ball
2-2: Foul Ball, location: 2F
2-2: Ball
3-2: Foul Ball, location: 2F
3-2: Foul Ball, location: 2F
3-2: Strikes out swinging
Batting: RHB Juan Ordonez 0-0: Ball
1-0: Called Strike
1-1: Ball
2-1: Ball
3-1: Base on Balls
Batting: RHB Ricky Cordova 0-0: Called Strike
Juan Ordonez steals 2nd base
0-1: Ground out 6-3 (Groundball, 6, EV 82.5 MPH)
Top of the 2nd over - 0 runs, 0 hits, 0 errors, 1 left on base; Mahoning Valley 3 - Tri-City 0
BOTTOM OF THE 2ND
Tri-City ValleyCats batting - Pitching for Mahoning Valley Scrappers : RHP Joe Babich
Batting: LHB Wade Girard 0-0: Ball
1-0: Called Strike
1-1: SINGLE (Groundball, 6M, EV 103.8 MPH) (infield hit)
Batting: RHB Steve Moore 0-0: Foul Ball, location: 2F
0-1: Called Strike
0-2: Ball
Wild Pitch!
Wade Girard to second
1-2: Strikes out swinging
Batting: RHB Kieron Clark 0-0: Ball
1-0: Ball
2-0: Called Strike
2-1: Ground out 5-3 (Groundball, 56S, EV 66.9 MPH)
Wade Girard to third
Batting: RHB Drew Coleman 0-0: Swinging Strike
0-1: TRIPLE (Groundball, 5L, EV 102.5 MPH)
Wade Girard scores
Batting: RHB Omar Amaya 0-0: Called Strike
0-1: Swinging Strike
0-2: Strikes out swinging
Bottom of the 2nd over - 1 run, 2 hits, 0 errors, 1 left on base; Mahoning Valley 3 - Tri-City 1
TOP OF THE 3RD
Mahoning Valley Scrappers batting - Pitching for Tri-City ValleyCats : RHP Max Warburton
Batting: RHB Leo Candelas 0-0: Foul Ball, location: 2F
0-1: Ball
1-1: Swinging Strike
1-2: Foul Ball, location: 2F
1-2: Ball
2-2: Ground out 6-3 (Groundball, 6S, EV 90.6 MPH)
Batting: LHB Dave Key 0-0: Ball
1-0: Ball
2-0: Ball
3-0: Called Strike
3-1: Called Strike
3-2: Foul Ball, location: 2F
3-2: Foul Ball, location: 2F
3-2: Strikes out swinging, 2-3 out at first.
Batting: RHB John Shaffer 0-0: Ground out 3-1 (Groundball, 34S, EV 85.6 MPH)
Top of the 3rd over - 0 runs, 0 hits, 0 errors, 0 left on base; Mahoning Valley 3 - Tri-City 1
BOTTOM OF THE 3RD
Tri-City ValleyCats batting - Pitching for Mahoning Valley Scrappers : RHP Joe Babich
Batting: RHB Jamie Youngs 0-0: Called Strike
0-1: Foul Ball, location: 2F
0-2: Ball
1-2: Ball
2-2: Strikes out swinging
Batting: LHB Josh Corkery 0-0: Called Strike
0-1: Ball
1-1: Ball
2-1: Called Strike
2-2: Ball
3-2: Foul Ball, location: 2F
3-2: Fly out, F8 (Flyball, 8LM, EV 81.9 MPH)
Batting: LHB Jackson Trottier 0-0: Ball
1-0: Called Strike
1-1: Foul Ball, location: 2F
1-2: Strikes out swinging
Bottom of the 3rd over - 0 runs, 0 hits, 0 errors, 0 left on base; Mahoning Valley 3 - Tri-City 1
TOP OF THE 4TH
Mahoning Valley Scrappers batting - Pitching for Tri-City ValleyCats : RHP Max Warburton
Batting: LHB Matt Steinke 0-0: Ball
1-0: Fly out, F7 (Flyball, 7, EV 96.9 MPH)
Batting: RHB Aaron Stout 0-0: Ball
1-0: Ball
2-0: Called Strike
2-1: Ground out U3 (Groundball, 34, EV 105.0 MPH)
Batting: RHB Nick Gossman 0-0: Foul Ball, location: 2F
0-1: Ball
1-1: Called Strike
1-2: Foul Ball, location: 2F
1-2: Foul Ball, location: 2F
1-2: Strikes out swinging
Top of the 4th over - 0 runs, 0 hits, 0 errors, 0 left on base; Mahoning Valley 3 - Tri-City 1
BOTTOM OF THE 4TH
Tri-City ValleyCats batting - Pitching for Mahoning Valley Scrappers : RHP Joe Babich
Batting: RHB Dinand Brouwer 0-0: Foul Ball, location: 2F
0-1: Called Strike
0-2: Ball
1-2: Ball
2-2: Ball
3-2: Foul Ball, location: 2F
3-2: Fly out, F8 (Line Drive, 8LXD, EV 92.5 MPH)
Batting: LHB Wade Girard 0-0: Called Strike
0-1: Ball
1-1: Ball
2-1: Foul Ball, location: 2F
2-2: Ground out 4-3 (Groundball, 4M, EV 105.0 MPH)
Batting: RHB Steve Moore 0-0: Ball
1-0: Ball
2-0: Swinging Strike
2-1: Ball
3-1: Swinging Strike
3-2: Base on Balls
Batting: RHB Kieron Clark 0-0: Ball
1-0: Called Strike
1-1: Called Strike
1-2: Ball
2-2: Foul Ball, location: 2F
2-2: Foul Ball, location: 2F
2-2: SINGLE (Groundball, 56D, EV 106.9 MPH)
Steve Moore to second
Batting: RHB Drew Coleman 0-0: Called Strike
0-1: Ball
1-1: SINGLE (Groundball, 4MD, EV 98.1 MPH)
Steve Moore to third
Kieron Clark to second
Runner from 3rd tries for Home, SAFE, throw by CF to home
Batting: RHB Omar Amaya 0-0: Ball
1-0: Swinging Strike
1-1: Foul Ball, location: 2F
1-2: Ball
2-2: Strikes out swinging
Bottom of the 4th over - 1 run, 2 hits, 0 errors, 2 left on base; Mahoning Valley 3 - Tri-City 2
TOP OF THE 5TH
Mahoning Valley Scrappers batting - Pitching for Tri-City ValleyCats : RHP Max Warburton
Batting: RHB Jaquan Brown 0-0: Ball
1-0: Ball
2-0: Ball
3-0: Base on Balls
Batting: RHB Juan Ordonez 0-0: Called Strike
0-1: Ball
1-1: Ball
2-1: Swinging Strike
2-2: Ball
3-2: Foul Ball, location: 2F
3-2: Foul Ball, location: 2F
3-2: Ground out 4-3 (Groundball, 34, EV 98.8 MPH)
Jaquan Brown to second
Batting: RHB Ricky Cordova 0-0: Foul Ball, location: 2F
0-1: Ball
1-1: Foul Ball, location: 2F
1-2: Ball
2-2: Ball
3-2: Base on Balls
Batting: RHB Leo Candelas 0-0: Swinging Strike
0-1: DOUBLE (Groundball, 5L, EV 98.1 MPH)
Jaquan Brown scores
Ricky Cordova to third
Runner from 3rd tries for Home, throw by LF and OUT! 7-6-2
Leo Candelas to third
Batting: LHB Dave Key 0-0: Foul Ball, location: 2F
0-1: Ball
1-1: Foul Ball, location: 2F
1-2: Ground out 4-3 (Groundball, 34D, EV 96.2 MPH)
Top of the 5th over - 1 run, 1 hit, 0 errors, 1 left on base; Mahoning Valley 4 - Tri-City 2
BOTTOM OF THE 5TH
Tri-City ValleyCats batting - Pitching for Mahoning Valley Scrappers : RHP Joe Babich
Batting: RHB Jamie Youngs 0-0: Called Strike
0-1: Ball
1-1: SINGLE (Line Drive, 8LS, EV 107.5 MPH)
Batting: LHB Josh Corkery 0-0: Called Strike
0-1: SINGLE (Groundball, 56S, EV 71.2 MPH) (infield hit)
Jamie Youngs to second
Batting: LHB Jackson Trottier 0-0: Ball
1-0: Called Strike
1-1: Ball
2-1: Called Strike
2-2: Foul Ball, location: 2F
2-2: Ball
3-2: Base on Balls
Jamie Youngs to third
Josh Corkery to second
Batting: RHB Dinand Brouwer 0-0: Ball
1-0: DOUBLE (Line Drive, 89XD, EV 98.1 MPH)
Jamie Youngs scores
Josh Corkery scores
Jackson Trottier to third
Pitching: RHP Mike Borell
Batting: LHB Wade Girard 0-0: Called Strike
0-1: Called Strike
0-2: Ball
1-2: Ground out U3 (Groundball, 34, EV 90.0 MPH)
Jackson Trottier scores
Dinand Brouwer to third
Batting: RHB Steve Moore 0-0: Swinging Strike
0-1: Swinging Strike
0-2: Ball
Wild Pitch!
Dinand Brouwer scores
1-2: Foul Ball, location: 2F
1-2: Ball
2-2: Ball
3-2: Base on Balls
Batting: RHB Kieron Clark 0-0: Ball
1-0: Foul Ball, location: 2F
1-1: Called Strike
1-2: Ball
2-2: Foul Ball, location: 2F
2-2: Ball
3-2: DOUBLE (Line Drive, 78D, EV 103.8 MPH)
Steve Moore to third
Runner from 3rd tries for Home, SAFE, throw by LF to home
Batting: RHB Drew Coleman 0-0: Ground out U3 (Groundball, 3, EV 105.6 MPH)
Kieron Clark to third
Batting: RHB Omar Amaya 0-0: Swinging Strike
0-1: Ball
1-1: Foul Ball, location: 2F
1-2: Ball
2-2: Strikes out looking
Bottom of the 5th over - 5 runs, 4 hits, 0 errors, 1 left on base; Mahoning Valley 4 - Tri-City 7
TOP OF THE 6TH
Mahoning Valley Scrappers batting - Pitching for Tri-City ValleyCats : RHP Max Warburton
Batting: RHB John Shaffer 0-0: Foul Ball, location: 2F
0-1: Ground out 2-3 (Groundball, 2L, EV 68.8 MPH)
Batting: LHB Matt Steinke 0-0: Ball
1-0: Foul Ball, location: 2F
1-1: Called Strike
1-2: Ball
2-2: Foul Ball, location: 2F
2-2: Foul Ball, location: 2F
2-2: Ball
3-2: Base on Balls
Batting: RHB Aaron Stout 0-0: Ball
1-0: Ball
2-0: Foul Ball, location: 2F
2-1: Fielders Choice at 2nd, 3-6 (Groundball, 3, EV 81.9 MPH)
Batting: RHB Nick Gossman 0-0: Ball
1-0: Ground out 4-3 (Groundball, 4, EV 95.6 MPH)
Top of the 6th over - 0 runs, 0 hits, 0 errors, 1 left on base; Mahoning Valley 4 - Tri-City 7
BOTTOM OF THE 6TH
Tri-City ValleyCats batting - Pitching for Mahoning Valley Scrappers : RHP Mike Borell
Batting: RHB Jamie Youngs 0-0: Ball
1-0: Ball
2-0: Called Strike
2-1: Swinging Strike
2-2: Foul Ball, location: 2F
2-2: Ball
3-2: Strikes out swinging
Batting: LHB Josh Corkery 0-0: Swinging Strike
0-1: Called Strike
0-2: Fly out, F9 (Flyball, 89D, EV 110.6 MPH)
Batting: LHB Jackson Trottier 0-0: Swinging Strike
0-1: Ball
1-1: Swinging Strike
1-2: Ball
2-2: Foul Ball, location: 2F
2-2: Strikes out swinging
Bottom of the 6th over - 0 runs, 0 hits, 0 errors, 0 left on base; Mahoning Valley 4 - Tri-City 7
TOP OF THE 7TH
Mahoning Valley Scrappers batting - Pitching for Tri-City ValleyCats : RHP Max Warburton
Pitching: RHP Russ Greer
Batting: RHB Jaquan Brown 0-0: Foul Ball, location: 2F
0-1: Foul Ball, location: 2F
0-2: Ball
1-2: Strikes out swinging
Pinch Hitting: RHB Kevin Wiles 0-0: Called Strike
0-1: Ball
1-1: Ground out 5-3 (Groundball, 56, EV 99.4 MPH)
Batting: RHB Ricky Cordova 0-0: Swinging Strike
0-1: Called Strike
0-2: Foul Ball, location: 2F
0-2: Ball
1-2: Fly out, F7 (Flyball, 7, EV 96.9 MPH)
Top of the 7th over - 0 runs, 0 hits, 0 errors, 0 left on base; Mahoning Valley 4 - Tri-City 7
BOTTOM OF THE 7TH
Tri-City ValleyCats batting - Pitching for Mahoning Valley Scrappers : RHP Mike Borell
Now in LF: Jason Roberts
Now in CF: Ricky Cordova
Batting: RHB Dinand Brouwer 0-0: Ball
1-0: Fly out, F9 (Flyball, 89M, EV 85.0 MPH)
Batting: LHB Wade Girard 0-0: Ball
1-0: Ball
2-0: Foul Ball, location: 2F
2-1: Ground out 5-3 (Groundball, 56S, EV 71.9 MPH)
Batting: RHB Steve Moore 0-0: Ball
1-0: Ball
2-0: Ball
3-0: Called Strike
3-1: Called Strike
3-2: Foul Ball, location: 2F
3-2: Foul Ball, location: 2F
3-2: Foul Ball, location: 2F
3-2: Base on Balls
Batting: RHB Kieron Clark 0-0: Ball
1-0: Ball
2-0: Fielders Choice at 2nd, 6-4 (Groundball, 6, EV 100.0 MPH)
Bottom of the 7th over - 0 runs, 0 hits, 0 errors, 1 left on base; Mahoning Valley 4 - Tri-City 7
TOP OF THE 8TH
Mahoning Valley Scrappers batting - Pitching for Tri-City ValleyCats : RHP Russ Greer
Batting: RHB Leo Candelas 0-0: Called Strike
0-1: Ground out 5-3 (Groundball, 56, EV 81.2 MPH)
Batting: LHB Dave Key 0-0: Foul Ball, location: 2F
0-1: Swinging Strike
0-2: Ball
1-2: Foul Ball, location: 2F
1-2: Ball
2-2: Ball
3-2: SINGLE (Groundball, 56S, EV 71.2 MPH) (infield hit)
Pitching: RHP Addick Huiberts
Batting: RHB John Shaffer 0-0: Called Strike
0-1: Swinging Strike
0-2: Ball
1-2: Strikes out swinging
Batting: LHB Matt Steinke 0-0: Called Strike
0-1: Foul Ball, location: 2F
0-2: Ball
1-2: 2-RUN HOME RUN (Flyball, 9D, EV 90.6 MPH), Distance : 357 ft
Batting: RHB Aaron Stout 0-0: Called Strike
0-1: Ground out 4-3 (Groundball, 34, EV 80.6 MPH)
Top of the 8th over - 2 runs, 2 hits, 0 errors, 0 left on base; Mahoning Valley 6 - Tri-City 7
BOTTOM OF THE 8TH
Tri-City ValleyCats batting - Pitching for Mahoning Valley Scrappers : RHP Mike Borell
DELAY Rain delay of 17 minutes in the 8th inning.
Batting: RHB Drew Coleman 0-0: Hit by Pitch
Batting: RHB Omar Amaya 0-0: Called Strike
Drew Coleman is caught stealing 2nd base 2-4
0-1: DOUBLE (Flyball, 8RXD, EV 98.8 MPH)
Batting: RHB Jamie Youngs 0-0: Ball
1-0: Called Strike
1-1: Swinging Strike
1-2: Strikes out looking
Pitching: RHP Eddie Aguilar
Batting: LHB Josh Corkery 0-0: Ball
1-0: Ground out 6-3 (Groundball, 6, EV 91.9 MPH)
Bottom of the 8th over - 0 runs, 1 hit, 0 errors, 1 left on base; Mahoning Valley 6 - Tri-City 7
TOP OF THE 9TH
Mahoning Valley Scrappers batting - Pitching for Tri-City ValleyCats : RHP Addick Huiberts
Batting: RHB Nick Gossman 0-0: Ball
1-0: Ball
2-0: Ball
3-0: Called Strike
3-1: Called Strike
3-2: Base on Balls
Batting: RHB Jaquan Brown 0-0: Bunt missed!
0-1: Sac Bunt to 15 - play at first, batter OUT! 1-3
Nick Gossman to second
Pitching: RHP Robin Yelland
Batting: RHB Jason Roberts 0-0: SINGLE (Line Drive, 6MD, EV 97.5 MPH)
Nick Gossman to third
Runner from 3rd tries for Home, throw by CF and OUT! 8-2
Batting: RHB Ricky Cordova 0-0: Called Strike
0-1: Ball
1-1: Foul Ball, location: 2F
1-2: Strikes out swinging
Top of the 9th over - 0 runs, 1 hit, 0 errors, 1 left on base; Mahoning Valley 6 - Tri-City 7
Tuesday, March 28th , 2023 - OOTP Baseball 23.10 Build 110